 Dungeon Crawl Stone Soup version 0.30-a0-691-g754fce4c43 (webtiles) character file.

Game seed: 14451386573101287331

6096 Darius099 the Grappler (level 10, -2/104 HPs)
             Began as a Troll Berserker on Jan 20, 2023.
             Was a High Priest of Trog.
             Slain by a slime creature (17 damage)
             ... on level 8 of the Dungeon.
             The game lasted 00:13:57 (5306 turns).

Darius099 the Grappler (Troll Berserker)            Turns: 5306, Time: 00:13:58

Health: -2/104     AC:  8    Str: 39    XL:     10   Next: 58%
Magic:  9/9        EV: 14    Int:  2    God:    Trog [*****.]
Gold:   436        SH:  0    Dex: 16    Spells: 9/9 levels left

rFire   . . .      SeeInvis .      - Unarmed
rCold   . . .      Faith    .    (no shield)
rNeg    . . .      Spirit   .    v - +0 robe
rPois   .          Reflect  .    (helmet restricted)
rElec   .          Harm     .    i - +2 cloak
rCorr   .          Rampage  .    (gloves unavailable)
Will    .....                    (boots unavailable)
Stlth   +                        (no amulet)
HPRegen 1.17/turn                g - +6 ring of strength
MPRegen 0.11/turn                e - +6 ring of dexterity

@: no status effects
A: large, unfitting armour, claws 3, regeneration 1, shaggy fur 2, tough skin 1,
screaming 1, strong 1
a: Renounce Religion, Berserk, Trog's Hand, Brothers in Arms


You were on level 8 of the Dungeon.
You worshipped Trog.
Trog was extremely pleased with you.
You visited 1 branch of the dungeon, and saw 8 of its levels.
You also visited: Ossuary.

You collected 436 gold pieces.

Inventory:

Armour
 i - a +2 cloak (worn)
 v - a +0 robe (worn)
Jewellery
 e - a +6 ring of dexterity (right claw)
 g - a +6 ring of strength (left claw)
 s - a ring of ice
 w - a ring of willpower
 D - a ring of flight
Wands
 b - a wand of mindburst (16)
 o - a wand of light (6)
Scrolls
 c - a scroll of amnesia {unknown}
 f - 6 scrolls of teleportation
 h - a scroll of vulnerability {unknown}
 l - 2 scrolls of poison {unknown}
 p - 2 scrolls of enchant armour {unknown}
 q - 2 scrolls of enchant weapon {unknown}
 u - 2 scrolls of magic mapping {unknown}
 y - 3 scrolls of fear {unknown}
 z - 5 scrolls of identify
 B - 2 scrolls of immolation {unknown}
 E - a scroll of acquirement {unknown}
Potions
 a - 3 potions of curing
 d - 3 potions of haste {unknown}
 j - a potion of resistance {unknown}
 k - a potion of magic {unknown}
 m - a potion of invisibility {unknown}
 n - a potion of ambrosia {unknown}
 r - 2 potions of attraction {unknown}
 t - a potion of brilliance {unknown}
 x - 2 potions of lignification
 A - 4 potions of might {unknown}
 C - a potion of cancellation {unknown}


   Skills:
 + Level 8.2 Fighting
 + Level 8.2 Dodging
 + Level 9.8 Unarmed Combat


You had 9 spell levels left.
You didn't know any spells.
Your spell library was empty.

Dungeon Overview and Level Annotations

Branches:
Dungeon (8/15)             Temple (0/1) D:5            Lair (0/5) D:8
Ossuary (visited)

Altars:
Qazlal
Wu Jian


Innate Abilities, Weirdness & Mutations

You are too large for most types of armour.
You have claws for hands.
Your natural rate of healing is unusually fast.
You are covered in thick fur. (AC +2)
You have tough skin. (AC +1)
You occasionally shout uncontrollably at your foes.
Your muscles are strong. (Str +4, Int/Dex -1)


Message History

The bolt of electricity hits you!
You enter the shallow water.
The electric eel shoots out a bolt of lightning at you!
The bolt of electricity misses you.
The electric eel shoots out a bolt of lightning at you!
The bolt of electricity hits you!
The electric eel shoots out a bolt of lightning at you!
The bolt of electricity hits the electric eel.
The electric eel completely resists.
The bolt of electricity hits you!
You completely miss the electric eel. Your claw misses the electric eel.
The electric eel shoots out a bolt of lightning at you!
The bolt of electricity hits the electric eel.
The electric eel completely resists.
The bolt of electricity hits you.
You claw the electric eel!
The electric eel is severely wounded.
The electric eel shoots out a bolt of lightning at you!
The bolt of electricity hits you! The slime creature misses you.
You claw the electric eel!
You kill the electric eel!
Trog accepts your kill.
You hear a splash.
You claw the slime creature!
The slime creature is moderately wounded.
The slime creature closely misses you.
You claw the slime creature!
The slime creature is heavily wounded.
The electric eel shoots out a bolt of lightning at you!
The bolt of electricity hits you!
The slime creature hits you but does no damage.
You mangle the slime creature!!
The slime creature is almost dead.
The slime creature hits you!
* * * LOW HITPOINT WARNING * * *
You completely miss the slime creature.
The slime creature is almost dead.
The electric eel shoots out a bolt of lightning at you!
The bolt of electricity hits you!
* * * LOW HITPOINT WARNING * * *
The slime creature hits you!
You die...

..#.....##..#.#.##..........>..#.
.B#<.............................
....~..~.~~......~...~~.~~~.~..##
....~≈≈≈≈≈.≈≈≈≈≈.≈≈≈≈≈.≈≈≈≈≈...#
..#.~≈♣♣♣≈.≈♣♣♣≈~≈♣♣♣≈~≈♣♣♣≈~..#
B #..≈♣ ♣≈~≈♣ ♣≈~≈♣ ♣≈.≈♣ ♣≈~.[#
#.°≈♣♣♣≈~≈♣♣♣≈.≈♣♣♣≈~≈♣♣♣≈~..##
.##.JJ≈≈≈≈~≈≈≈≈≈.≈≈≈≈≈~≈≈≈≈≈.....
...y.~~~~...~...@J~~...~~..~~..##
..##~≈≈≈≈≈~≈≈≈≈≈S≈≈≈≈≈~≈≈≈≈≈...#
.[ #.≈♣♣♣≈~≈♣♣♣≈.≈♣♣♣≈.≈♣♣♣≈~..##
. #S≈♣ ≈~≈ ♣≈~≈♣ ♣≈~≈♣ ♣≈~.... .
#.≈♣ ~≈♣♣♣≈~≈♣♣♣≈.≈♣♣♣≈~..## ..
..≈≈≈≈≈~≈≈≈≈≈~≈≈≈≈≈~≈≈≈≈≈.#.##
..##.~~~~~.).......~..~.~~.......
#.##~≈≈≈≈≈~≈≈≈≈≈~≈≈≈≈≈.≈≈≈≈≈~. ##
#.##~≈♣♣♣S~≈♣ ♣≈~≈♣♣♣≈~≈♣♣♣≈~.


You could see a slime creature and an electric eel.

Vanquished Creatures
  An elephant (D:8)
  Grinder (D:3)
  2 hornets (D:8)
  2 slime creatures (D:8)
  A yak (D:8)
  A basilisk (D:8)
  Menkaure (D:6)
  An acid dragon (D:7)
  3 water moccasins
  Duvessa (D:7)
  2 ice beasts
  2 orc warriors (D:7)
  2 sky beasts
  3 black bears
  2 phantoms
  A bullfrog (D:8)
  A gnoll sergeant (D:8)
  A wyvern zombie (Ossuary)
  3 scorpions
  10 wights
  A water moccasin zombie (Ossuary)
  Dowan (D:7)
  12 killer bees
  5 electric eels
  A centaur zombie (Ossuary)
  4 hounds
  8 bullfrog zombies (Ossuary)
  A gnoll bouda (D:6)
  2 orc priests (D:7)
  13 mummies (Ossuary)
  4 iguanas
  2 orc wizards
  2 killer bee zombies (Ossuary)
  4 howler monkey zombies (Ossuary)
  Robin (D:2)
  7 gnolls
  11 adders
  2 shadow imps
  A white imp (D:5)
  An ufetubus (D:7)
  2 worms (D:5)
  3 dart slugs
  24 orcs
  12 ball pythons
  3 bats
  4 endoplasms
  3 giant cockroaches
  11 goblins
  9 hobgoblins
  2 jackals (D:5)
  5 quokkas
  2 frilled lizards (D:3)
  A goblin zombie (D:8)
  8 kobolds
  A quokka zombie (D:8)
  4 rats
218 creatures vanquished.

Vanquished Creatures (others)
  An orc (D:7)
  4 plants
  4 withered plants (Ossuary)
9 creatures vanquished.

Grand Total: 227 creatures vanquished

Notes
Turn   | Place    | Note
-------+----------+-------------------------------------------
     0 | D:1      | Darius099 the Troll Berserker began the quest for the Orb.
     0 | D:1      | Reached XP level 1. HP: 22/22 MP: 0/0
    74 | D:1      | Reached XP level 2. HP: 29/29 MP: 1/1
   523 | D:1      | Found a faded altar of an unknown god.
   718 | D:2      | Reached XP level 3. HP: 36/36 MP: 2/2
   951 | D:2      | Noticed Robin
   954 | D:2      | Reached ** piety under Trog
   962 | D:2      | Killed Robin
   963 | D:2      | Reached XP level 4. HP: 25/45 MP: 3/3
  1262 | D:2      | You fall into a shaft and drop 1 floor!
  1334 | D:3      | Reached skill level 4 in Unarmed Combat
  1436 | D:3      | Noticed Grinder
  1444 | D:3      | Killed Grinder
  1445 | D:3      | Reached XP level 5. HP: 54/54 MP: 4/4
  1445 | D:3      | Reached XP level 6. HP: 62/62 MP: 5/5
  1850 | D:4      | Reached skill level 5 in Unarmed Combat
  1960 | D:4      | Reached XP level 7. HP: 69/71 MP: 6/6
  2060 | D:5      | Entered Level 5 of the Dungeon
  2105 | D:5      | Reached *** piety under Trog
  2159 | D:5      | Found a stormy altar of Qazlal.
  2303 | D:5      | Reached skill level 5 in Fighting
  2303 | D:5      | Reached skill level 6 in Unarmed Combat
  2332 | D:5      | Reached skill level 5 in Dodging
  2350 | D:5      | Reached XP level 8. HP: 75/80 MP: 7/7
  2493 | D:5      | Found a staircase to the Ecumenical Temple.
  2657 | D:5      | Gained mutation: Your muscles are strong. (Str +4, Int/Dex
                  | -1) [potion of mutation]
  2657 | D:5      | Gained mutation: You occasionally shout uncontrollably at
                  | your foes. [potion of mutation]
  2657 | D:5      | Gained mutation: You are covered in thick fur. (AC +2)
                  | [potion of mutation]
  2709 | D:6      | Noticed Menkaure
  2722 | D:6      | Killed Menkaure
  2835 | D:6      | Identified the +6 hand axe of Blind Justice {pain, rC+
                  | Int+3}
  2928 | D:6      | Reached skill level 7 in Unarmed Combat
  3013 | D:6      | Reached **** piety under Trog
  3187 | D:7      | Reached XP level 9. HP: 79/89 MP: 8/8
  3232 | D:7      | Noticed Duvessa
  3234 | D:7      | Noticed Dowan
  3241 | D:7      | Killed Duvessa
  3245 | D:7      | Killed Dowan
  3861 | D:7      | Reached skill level 8 in Unarmed Combat
  4055 | D:7      | Found an ornate altar of the Wu Jian Council.
  4507 | D:8      | Noticed a boulder beetle
  4517 | D:8      | HP: 1/93 [hornet (10)]
  4628 | D:8      | Found a sand-covered staircase.
  4644 | Ossuary  | Entered an ossuary
  4705 | Ossuary  | Reached XP level 10. HP: 102/102 MP: 9/9
  4714 | Ossuary  | Reached ***** piety under Trog
  4720 | Ossuary  | Reached skill level 9 in Unarmed Combat
  5136 | D:8      | Noticed an elephant
  5157 | D:8      | Killed an elephant
  5183 | D:8      | Found a staircase to the Lair.
  5306 | D:8      | Slain by a slime creature

Illustrated notes

Levels and vault maps discovered:
D:1:      minmay_arrival_nine_rooms, layout_rooms,
          shapermc_ecumenical_altar_ellora, minmay_misc_feat_tiny,
          grunt_decor_clamped, hangedman_decor_diamond_cutter
D:2:      layout_basic, uniq_robin
D:3:      layout_rooms, kennysheep_doodads, uniq_grinder
D:4:      layout_basic
D:5:      layout_cave_pools, grunt_qazlal_clouds, minmay_temple_entry_ruins,
          minmay_circle_x
D:6:      layout_rooms, uniq_menkaure
D:7:      layout_loops_corners, lemuel_coloured_pillars_altar,
          serial_bayou_lagoon_b, uniq_duvessa
D:8:      layout_basic, david_lair_generic, enter_ossuary_4, kennysheep_boxes

Skill      XL: |  1  2  3  4  5  6  7  8  9 10 |
---------------+-------------------------------+-----
Fighting       | 3 4 5 6 7 8 |  8.2
Dodging        | 3 4 5 6 7 8 |  8.2
Unarmed Combat | 4 5 6 7 8 9 |  9.8

Action                   |  1- 3 |  4- 6 |  7- 9 | 10-12 || total
-------------------------+-------+-------+-------+-------++-------
Melee: Unarmed           |    73 |    95 |   342 |   129 ||   639
       Punch             |     2 |     2 |    10 |     4 ||    18
Invok: Berserk           |       |       |     2 |     1 ||     3
       Trog's Hand       |       |       |     2 |     1 ||     3
  Use: Scroll            |       |       |     5 |       ||     5
       Potion            |       |       |     2 |       ||     2
 Stab: Sleeping          |     1 |     1 |     1 |       ||     3
Armor: Animal skin       |    11 |       |       |       ||    11
       Robe              |    16 |    33 |    80 |    28 ||   157
Dodge: Dodged            |    33 |    54 |   224 |    77 ||   388

Table legend: (Time is in decaauts)
 A = Elapsed time spent in this place.
 B = Non-inter-level travel time spent in this place.
 C = Inter-level travel time spent in this place.
 D = Time resting spent in this place.
 E = Time spent auto-exploring this place.
 F = Levels seen in this place.
 G = Mean time per level.
                   A        B        C        D        E       F      G
               +--------+--------+--------+--------+--------+-----+--------+
         Total |   5256 |   5027 |    229 |     87 |   2917 |   9 |  584.0 |
       Dungeon |   4934 |   4705 |    229 |     87 |   2850 |   8 |  616.8 |
       Ossuary |    321 |    321 |      0 |      0 |     67 |   1 |  321.0 |
               +--------+--------+--------+--------+--------+-----+--------+

Top non-repeatable levels by time:
     D:7: 1203 daAuts
     D:1: 668 daAuts
     D:5: 643 daAuts
     D:8: 596 daAuts
     D:2: 584 daAuts
     D:6: 446 daAuts
     D:4: 408 daAuts
     D:3: 382 daAuts
 Ossuary: 321 daAuts
